[Event "44th Chess Olympiad Open 2022"]
[Site "Chennai"]
[Date "2022.08.03"]
[Round "6.5"]
[White "Duda, Jan-Krzysztof"]
[Black "Indjic, Aleksandar"]
[Result "1/2-1/2"]
[WhiteElo "2750"]
[BlackElo "2620"]
[Annotator "TA"]
[PlyCount "137"]
[EventDate "2022.??.??"]
[TimeControl "60"]

1. d4 Nf6 2. c4 e6 3. Nf3 c5 4. d5 d6 5. Nc3 exd5 6. cxd5 g6 7. Nd2 Bg7 8. e4 O-O 9. Be2 Re8 10. O-O Nbd7 11. a4 a6
{[%emt 0:00:05] Nowadays more popular than 11...Ne5.} 12. Ra3 Rb8 13. a5 {[%emt 0:08:07] A77: Modern Benoni: Classical: 9...
Re8 10 Nd2:10...a6 and 10...Nbd7.} h6 14. h3 g5 {[%emt 0:00:46] [#]} ({Better is} 14... Ra8 $14) 15. Nc4 $146 (15. f4 $16) ({Predecessor:} 15. f4 gxf4 16. Rxf4 Ne5 17. Rf2 Ng6 18. Qf1
Qe7 19. Nc4 Bd7 20. Bxh6 Bxh6 21. Rxf6 {1-0 (29) Kashlinskaya,A (2494)-Pigusov,
E (2555) Chess.com INT 2020}) 15... Nxe4 $14 16. Nxe4 {
[%emt 0:00:05] Remove Defender} Rxe4 17. Nxd6 Rd4 18. Qc2 Nf6 $1 19. Nxc8 Rxc8 20. Be3 (20. Bc4 {
looks sharper.} Nxd5 21. Rf3 Qe8 22. Be3) 20... Rxd5 21. f4 {
[%emt 0:08:31] fxg5 is the strong threat.} (21. Bf3 $5 ) 21...
gxf4 22. Bxf4 Nh5 23. Bh2 {
[%emt 0:26:29] And now Bc4 would win. White has compensation. A strong pair of
Bishops.} Rd2 24. Qc4 Qd4+ 25. Kh1 Nf6 $1 $36 {[%emt 0:00:00] Black fights for an
advantage.} ({But not} 25... Qxc4 26. Bxc4 Nf6 27. Be5 $16) 26. Rb3 {[%emt 0:
01:30] Chess con chili.} Qe4 27. Qxe4 Nxe4 28. Re3 (28. Bh5 $15) 28... Re8 $17 {[%emt 0:
02:22][%cal Ye4f2] Hoping for ...Nf2+!} 29. Bh5 Rf2 (29... Re7 $142 30. Ref3 Rdd7) 30. Rfe1 {[%emt 0:03:57] [#]} Bd4 $1 31. Rxe4 Rxe4 32. Rxe4 Rf1+ 33. Bg1 Rxg1+ {[%emt 0:
00:08] Endgame KRB-KRB} 34. Kh2 Rb1 35. Re8+ Kg7 36. Re7 Rxb2 37. Rxf7+ Kg8 {[%emt 0:00:29] aiming
for ...c4.} 38. Kg3 c4 {[%emt 0:02:07] Threatens to win with .
..c3.} 39. Kf3 Rb5 40. Rf4 (
40. Bg6 $1 $15) 40... Rxh5 41. Rxd4 Rxa5 {
[%emt 0:00:37] Strongly threatening ... b5.} 42. Rxc4 {[%emt 0:08:11] KR-KR}
Rb5 43. g4 a5 44. h4 Kf7 45. Kf4 Kf6 46. Rd4 {[%emt 0:08:40][%cal Yg4g5] [#]} Rb6 $1 47. Ke4 Ke6 48. g5 (48. Ra4 $17 {
was necessary.}) 48... hxg5 $19 49. hxg5 {[%emt 0:00:02] [#]}
Rb1 $2 ({Black should try} 49... Rb5 $1 $19 50.
Kf4 Rb6) 50. Rd8 (50. Rc4 $11 {keeps the balance.}) 50... a4 (50... Rb4+ $17 51. Kd3 Kf7) 51. Re8+ $1 $11 {[%emt 0:01:44]
The position is equal.} Kf7 52. Ra8 Ra1 53. Kf5 a3 54. Ra7 a2 55. Rxb7+ Ke8 (
55... Kf8 $5 56. Rb8+ Kf7 57. Rb7+ Kg8 58. Rb8+ Kf7 59. Rb7+ $11) 56. Rb8+ $1 Kd7 57. Rb7+ $1 Kd6 (57... Kc6 $5 58. Ra7 Kb6 59. Rxa2 Rxa2 $11) 58. Rb6+ $1 Kd7 (58... Kd5 $5 59. Rb5+ Kd4 60. Rb4+ Kd3 $11) 59. Rb7+
$1 Kd6 (59... Kc6 $5 60. Ra7 Kb6 61. Rxa2
Rxa2 $11) 60. Rb6+ $1 Kc7 (60... Kd5 $5 61.
Rb5+ Kc6 $11) 61. Ra6 Rf1+ 62. Ke6 {[%emt 0:
00:06] Intending Ra7+ and mate.} a1=Q 63. Rxa1 Rxa1 {[%emt 0:00:09] KR-KP} 64. g6 Rg1 65.
Kf7 Kd7 {[%emt 0:00:00] ( -> ...Rf1+)} 66. g7 Rf1+ 67. Kg6 $1 Rg1+ 68. Kf7 Rxg7+ 69. Kxg7 {[%emt 0:00:04] Weighted
Error Value: White=0.17 (very precise) /Black=0.12 (very precise)} 1/2-1/2

[Event "44th Chess Olympiad Open 2022"]
[Site "Chennai"]
[Date "2022.08.03"]
[Round "6.5"]
[White "Piorun, Kacper"]
[Black "Markus, Robert"]
[Result "0-1"]
[WhiteElo "2636"]
[BlackElo "2616"]
[Annotator "TA"]
[PlyCount "80"]
[EventDate "2022.??.??"]
[TimeControl "60"]

1. e4 e5 2. Nf3 Nf6 3. Nxe5 d6 4. Nf3 Nxe4 5. Bd3 Nf6 6. O-O Be7 7. h3 O-O 8. c3 {[%emt 0:00:06] C42: Petroff
Defence: 3 Nxe5 and unusual White 3rd moves.} Re8 9. Bc2 Bf8 $5 {[%emt 0:02:34] An interesting side line.} 10. d4 {
[%emt 0:00:07] White is slightly better.} h6 {[%emt 0:00:04] [#]} 11. c4 $146 ({Predecessor:} 11. Bf4 Nbd7 12. Nbd2 b5 13. a4 b4 14. c4 a5
15. d5 Nc5 16. Nd4 g6 17. Nc6 {1-0 (67) Chigaev,M (2640)-Ladva,O (2513) Riga
2019}) 11... c6 12. Nc3 Na6 13. Bf4 Nb4 14. Bb1 a5 15. a3 Na6 16. Bc2 Nc7 17. d5 cxd5 18.
cxd5 Bd7 19. Qd2 a4 20. Be3 Ra5 21.
Bb6 Ra6 22. Bd4 Ncxd5 23. Nxd5 Nxd5 24. Bxg7 Bxg7 25. Qxd5 Bc6 {[%emt 0:
00:00] This bishop pair is nice.} 26. Qh5 (26. Qd3 $11) 26...
Qf6 ({Better is} 26... Ra5 $1 $19 27. Qg4 Qc8)
27. Rae1 (27. Rab1 $15) 27... Raa8 (27...
Qxb2 28. Rxe8+ Bxe8 29. Be4 $15) 28. Re3 (28. Rxe8+ $142 Rxe8
29. Qg4) 28... Qxb2 $17 29. Qf5 Qf6 {[%emt 0:
00:00] Inhibits Nh4. aiming for ...Qxf5.} (29... Rxe3 30. fxe3 Qxa3 31. Nh4
Qxe3+ 32. Kh1 $11) 30. Qh7+ Kf8 31. Nh2 (31. Qd3 $17 {might work better.}) 31... Rxe3 $19 32. fxe3 Qe6 ({Not} 32... Qc3 33. Ng4
$11 (33. Qg6 $2 Qxe3+ 34. Kh1 Qe7 $19)) 33. Ng4 Ra5 $40 {
[%emt 0:00:00][%cal Ya8a5,Ya5c5,Yc5g5] White must now prevent ...Rg5. Black
has strong attack. Chess con chili.} 34. Bg6 Be8 35. Bf5 {[%emt 0:02:21] [#]} Qe7 36. Rf3 {[%emt 0:01:17]
[#]} (36. Kh1 $142 Qh4 37. Kh2) 36... Qg5 $2 (36... Rc5 $1 $19
37. Rf1 (37. Nxh6 $2 Rc1+ 38. Kh2 Qe5+ 39. Rg3 Rh1+ 40. Kxh1 Qxg3 $19) 37... d5
) 37. Be6 $2 ({White has to play} 37. g3 $1 $15) 37... Rc5 {
[%emt 0:01:34] Strongly threatening ...h5.} 38. Qe4 Qe7 {
[%emt 0:01:16] Black is clearly winning.} 39. Rf1 h5 40. Qg6 Rg5 {[%emt 0:00:00] Weighted Error Value:
White=0.59/Black=0.24 (precise)} 0-1

[Event "44th Chess Olympiad Open 2022"]
[Site "Chennai"]
[Date "2022.08.03"]
[Round "6.5"]
[White "Ivic, Velimir"]
[Black "Wojtaszek, Radoslaw"]
[Result "1/2-1/2"]
[WhiteElo "2581"]
[BlackElo "2708"]
[Annotator "TA"]
[PlyCount "110"]
[EventDate "2022.??.??"]
[TimeControl "60"]

1. e4 e5 2. Nf3 Nc6 3. Bb5 a6 4. Ba4 Nf6 5. O-O Be7 6. Re1 b5 7. Bb3 O-O 8. a4 Bb7 9. d3 d6 10. Bd2 b4 11. c3 Rb8 $1 {[%emt 0:00:
00] is currently scoring better than 11...bxc3. C88: Closed Ruy Lopez:
Anti-Marshall Systems.} 12. cxb4 Bc8 13. b5 axb5 {[%emt 0:00:55] The position is equal.} 14. axb5 Rxb5 {[%emt 0:00:05] [#]} 15. Bc3 $146 ({Predecessor:
} 15. h3 Rb8 16. Nc3 Be6 17. Nd5 Bxd5 18. Bxd5 Nxd5 19. exd5 Nb4 20. Qb3 c5 21.
Ra4 {½-½ (52) Vachier Lagrave,M (2763)-Caruana,F (2800) Riga 2021}) 15... Bg4
{[%emt 0:19:47] And now ...Bxf3 would win.} 16. Nbd2 Rb8 17. h3 Bh5 18. Bc4 Nd7 19. Nf1 {[%emt 0:07:44] White is more active.} (
19. Qa4 $16 Bxf3 20. Nxf3) 19... Nd4 20. Bxd4 {[%emt 0:03:02]
Black must now prevent Bc3.} (20. g4 $5 Nxf3+ 21. Qxf3 $14)
20... Bxf3 21. Qxf3 {[%emt 0:00:31] Strongly threatening Bc3.}
exd4 22. Qe2 Ne5 23. Ba2 c6 24. f4 Nd7 25. Nh2 Rb4 26. Ng4 Nf6 (26... Nc5 $15) 27. Nxf6+ $11 Bxf6 28. e5 dxe5 29.
fxe5 Bg5 30. Rf1 Be3+ 31. Kh1 Qe8 $2 {[%emt 0:17:48] [#]} (31... Rb8
$11) 32. Qg4 $2 ({Not} 32. e6 fxe6 33. Rxf8+ Qxf8 $11) (32.
Rxf7 $1 $18 Kh8 33. e6 Rxf7 34. exf7) 32... Rb7 (32... Rxb2 $2
{[#]} 33. Bxf7+ $1 Rxf7 34. Rxf7 $18) 33. e6 fxe6 34. Bxe6+ Kh8 {[%emt 0:00:01] [#]
} 35. Bd7 $1 $40 {[%emt 0:04:05] White is up to no good.} Qd8 (35... Rxf1+ 36. Rxf1) 36. Rxf8+ Qxf8 37. Qf5 Qd6 {[%emt 0:05:47] [#]} 38. Bxc6 $1 {[%emt 0:00:
00] White wants to mate with Qc8+.} Rb8 {[%emt 0:00:08] Against Qc8+} 39. Be4 g6 40. Qf7 {[%emt 0:00:
00] Ra7 would kill now.} Rf8 41. Ra8 Rxa8 42. Bxa8 {[%emt 0:00:06] White is better.} Qf4 43. Qxf4 Bxf4 $16 {[%emt 0:00:04] Endgame KB-KB} 44. Kg1 Kg7 45. Kf2 Kf6 46. Kf3 Ke5 47. b4 Bg5 48. b5 Bd8 49. Be4 Kf6 50. Bd5 Ke5 51. Bg8 h6 52. Bf7 g5 53. Be8 Bc7 54.
Kg4 {[%emt 0:00:04] aiming for Kh5.} Kf6 55. Kh5 Kg7 {[%emt 0:00:04] Weighted Error Value: White=0.24 (precise) /Black=0.
28 (precise)} 1/2-1/2

[Event "44th Chess Olympiad Open 2022"]
[Site "Chennai"]
[Date "2022.08.03"]
[Round "6.5"]
[White "Perunovic, Milos"]
[Black "Bartel, Mateusz"]
[Result "1/2-1/2"]
[WhiteElo "2539"]
[BlackElo "2597"]
[Annotator "TA"]
[PlyCount "62"]
[EventDate "2022.??.??"]
[TimeControl "60"]

1.
e4 e6 2. d4 d5 3. Nc3 Nf6 4. e5 Nfd7 5. f4 c5 6. Nf3 Nc6 7. Be3 Be7 8. a3 {[%emt 0:10:26] C11: French: Classical System: 4 e5 and
4 Bg5 dxe4.} O-O 9. dxc5 Nxc5 10. Be2 b6 11. O-O Bb7 12. Qe1 Ne4 13. Rd1 {[%emt 0:
05:11] [#] Nxe4 is the strong threat.} Nxc3 14. Qxc3 {[%emt 0:
05:09] [#]} Na5 $146 ({Predecessor:} 14... Rc8 15. Qe1 Bc5 16.
Bd3 h6 17. c3 Bxe3+ 18. Qxe3 Qe7 19. Rde1 Rc7 20. g4 Bc8 {½-½ (30) Zhigalko,
A (2584)-Volkov,S (2592) Bad Wiessee 2015}) 15. Qe1 Qc8 16. Nd4 {[%emt 0:10:27] Strongly threatening f5. White is more
active.} Nc6 17. Bd3 Nxd4 18. Bxd4 Ba6 19. Bxa6 Qxa6 20. f5 exf5 21. e6 Qc8 22. Rxf5 Qxc2 23. Rxd5 fxe6 24. Qxe6+ $40 {[%emt 0:13:43]
Black needs to defend precisely.} Rf7 $1 25. Rf1 Qg6 26. Qxg6 hxg6 27.
Rxf7 {[%emt 0:02:00] The position is equal.} Kxf7 $11 {[%emt 0:00:00] KRB-KRB}
28. Kf2 Ke6 29. Re5+ Kf7 30. Rd5 Ke6 31. Re5+ Kf7 {[%emt 0:00:00] Weighted Error Value: White=0.04 (flawless)
/Black=0.03 (flawless)} 1/2-1/2

[Event "44th Chess Olympiad Open 2022"]
[Site "Chennai"]
[Date "2022.08.03"]
[Round "6.6"]
[White "Giri, Anish"]
[Black "Jobava, Baadur"]
[Result "1-0"]
[WhiteElo "2760"]
[BlackElo "2585"]
[Annotator "TA"]
[PlyCount "63"]
[EventDate "2022.??.??"]
[TimeControl "60"]

1. d4 Nf6 2. c4 c5 3. d5 g6 4. Nc3 Bg7 5. e4 d6 6. Nf3 O-O 7. Be2 e6 8. O-O exd5 9. exd5 Bg4 10. h3 Bxf3 11.
Bxf3 ({Much weaker is} 11. gxf3 Re8 $11) 11... Nbd7 {[%emt 0:
00:00][%cal Yb8d7,Yd7e5,Ye5f7] E91: King's Indian: Classical: 6 Be2, unusual
replies including 6...c5 and 6...Bg4.} 12. Bf4 Ne8 13. Qd2 Ne5 {[%emt 0:05:16] White is slightly better.}
14. Be2 $1 f5 15. Rfe1 Nf7 {
[%emt 0:04:45] [#]} 16. Rab1 $5 $146 {[%emt 0:05:31] An interesting novelty.} (
{Predecessor:} 16. Be3 g5 17. f4 h6 18. Rf1 Qf6 19. Rae1 Qg6 20. Bd3 g4 21.
hxg4 Qxg4 22. Bf2 {0-1 (42) Van der Werf,M (2389)-Korchmar, V (2450) Chess.com
INT 2022}) 16... g5 17. Bh2 Be5 18. Bh5 {[%emt 0:07:44] And now Bxf7+ would win.} Bxh2+ 19. Kxh2 Ng7 {[%emt 0:01:15] Inhibits Re6.} (19... Ne5 $14 {
feels stronger.}) 20. Bxf7+ $16 Rxf7 {[%emt 0:00:00] [#]} 21.
Re6 $1 {[%emt 0:03:33] Prevents Qf6.} Nxe6 ({Better is} 21...
Rf6) 22. dxe6 Rg7 23. Nd5 {[%emt 0:04:08]
Inhibits Qf6. Black must now prevent Re1. White is more active.} g4 $2 {
[%emt 0:04:20] [#] This costs Black the game.} (23... Qf8 $16 {is a better
chance.} 24. Re1 Re8) 24. Re1 $1 $18 {[%emt 0:03:21] aiming for e7.} Rg6 25. Qf4 gxh3 $2 (25... Kg7
26. Qxf5 Qf8 27. hxg4 Re8) 26. g3 {[%emt 0:01:35] e7 is the strong threat.} Rc8 (26... Kg7 $142 27. b4 (27. Qxf5 Qf8 $16) 27... cxb4 28. Qd4+
(28. Qxf5 Qf8 $11) 28... Kg8) 27. Qxf5 (27. e7 $142 Qd7 28.
Kxh3) 27... Qf8 28. Qxf8+ {[%emt 0:05:33] White is winning.}
Kxf8 29. f4 Re8 30. f5 Rg5 31. Rf1 Rg4 32. Rf4 {[%emt 0:02:34] Weighted Error Value: White=0.40/
Black=0.40} 1-0

[Event "44th Chess Olympiad Open 2022"]
[Site "Chennai"]
[Date "2022.08.03"]
[Round "6.6"]
[White "Bok, Benjamin"]
[Black "Paichadze, Luka"]
[Result "1/2-1/2"]
[WhiteElo "2616"]
[BlackElo "2561"]
[Annotator "TA"]
[PlyCount "122"]
[EventDate "2022.??.??"]
[TimeControl "60"]

1. d4 Nf6 2. c4 e6 3. Nf3 b6 4. g3 Bb7 5. Bg2 Bb4+ 6. Bd2 Bxd2+ 7. Qxd2 O-O 8.
Nc3 d6 9. d5 {[%emt 0:05:53] E16: Queen's
Indian: 4 g3 Bb7 5 Bg2 Bb4+.} e5 10. O-O a5 11. Ne1 {[%emt 0:01:32] White is slightly better.} Na6 12. Nc2 Nc5 13. b3 {[%emt 0:
00:00][%cal Yb2b3,Yb3b4] [#]} Qe7 $146 ({Predecessor:} 13...
h6 14. e4 Re8 15. Rab1 Bc8 16. a3 a4 17. b4 Nb3 18. Qd3 Bd7 19. Rfd1 Qb8 {
0-1 (67) Rodshtein,M (2684)-Jobava,B (2617) Batumi 2019}) 14. Rab1 Ne8 15. e4 g6 16. a3 Ng7 17. b4 Nd7 18. Ne3 f5 19. exf5 gxf5 20. f4 exf4 21. gxf4 axb4 22. axb4 Nf6 23. Rbe1 {[%emt 0:06:24][%cal Ye3f5] Nxf5! is the strong threat.} Qf7 24. Qd3 Nfh5 25. Nb5 Rae8 26. Qd2 (26. Ra1 $5 ) 26... Re7 27. Nd4 Qf6 28. Nec2 Rfe8 29. Rxe7 Rxe7 30. Re1 {[%emt 0:00:17] White is more
active.} (30. Ra1 $5 ) 30... Bc8 31. Rxe7 Qxe7 32. Ne2 Bd7 33. Qe3 Qh4 34. Qf2 (
34. b5 {with more complications.} Kf8 35. Bf3 Kf7 36. Qf2) 34... Qf6 35. Qd4 {[%emt 0:03:13] Inhibits Qb2.} Qd8 (35... Qg6
{keeps more tension.} 36. b5 Kf7 37. Qe3 Ne8) 36. Qe3 Kf7 37. b5 Qh4 38. Qf2 (38. Qh3 $5 Qg4 39. Ncd4 $14) 38... Qf6 39. Qd4 Qg6 40. Qe3 Nf6 41. Qg3 Qh6 42. h3 Ngh5 (42... Ne4 $11 43. Qe3 (43. Bxe4 fxe4 44. Kh2 Qh5
$11) 43... Qh4) 43. Qe3 ({Better is} 43. Qh4 $14) 43... Ne4
$11 44. Ncd4 Nhf6 45. Ne6 Bxe6 46. dxe6+ Ke7 47. Nd4 Qh5 48. Qe1 Ke8 49. Qa1 {[%emt 0:01:12] [#] Threatens to win with Nc6.}
Ke7 50. Qe1 h6 51. Qe3 Ke8 52. Qe1 Nc5 (52... Ke7 $11) 53. Qa1 Kf8 $1 {[%emt 0:07:30] The
position is equal.} 54. Nc6 Qh4 55. e7+ Kf7 56. Qa8 $36 {[%emt 0:00:34] Black is
under pressure.} Ne6 57. Bd5 {[%emt 0:00:38] [#] Intending
Bxe6+ and mate.} Qe1+ 58. Kg2 Qe2+ 59. Kg1 Qe1+ 60. Kg2 {[%emt 0:00:01]
Qf8+ would kill now.} Qd2+ 61. Kg1 {[%emt 0:00:00] White
wants to mate with Qf8+. Dancing on a razor blade.} Qe1+ {[%emt 0:00:00]
Weighted Error Value: White=0.08 (flawless) /Black=0.08 (flawless)} 1/2-1/2

[Event "44th Chess Olympiad Open 2022"]
[Site "Chennai"]
[Date "2022.08.03"]
[Round "6.6"]
[White "Mchedlishvili, Mikheil"]
[Black "Van Foreest, Jorden"]
[Result "0-1"]
[WhiteElo "2593"]
[BlackElo "2678"]
[Annotator "TA"]
[PlyCount "84"]
[EventDate "2022.??.??"]
[TimeControl "60"]

1. Nf3 d5 2. c4 d4 3. b4 c5 4. b5 Nf6 5. g3 Qc7 6. Bg2 {[%emt 0:02:10] A09: Réti Opening: 1 Nf3 d5 2 c4.} e5 7. d3 Bd6 8. O-O {[%emt 0:00:46] The
position is equal.} O-O 9. a4 {[%emt 0:01:19] [#]} Bf5 $146 ({Predecessor:} 9... a5 10. e3 dxe3 11. Bxe3 b6 12. Bg5 Nbd7
13. Nfd2 Bb7 14. Bxb7 Qxb7 15. Nc3 Rad8 {1-0 (42) Chigaev,M (2631)-Bluebaum,M 
(2644) Moscow 2019}) 10. e4 dxe3 11. Bxe3 a5 12. Nc3 Nbd7 13. Nh4 Bg4 14. Qc2 Rad8 15. h3 Be6 16. Nf3 h6 17. Nd2 Qc8 18. g4 Rfe8 19. Rad1 Nf8 20. b6 Ng6 21. Nb5 h5 22. Ne4 Nxe4 (22... Be7 $5 ) 23. dxe4 Bb8 24. f3 Rd4 25.
Nxd4 (25. Bxd4 exd4 26. Qb3 (26. gxh5 Nf4 $17) 26... hxg4 27.
fxg4 (27. hxg4 Qd8 $17) 27... Ne5 $17) (25. gxh5 $11 {remains equal.} Nf4 26.
Bxf4 (26. Bxd4 exd4 27. Rd2 Nxh5 $17) 26... Rxc4 27. Qd2 exf4 28. Na7 Bxa7 29.
bxa7) 25... exd4 $17 26. Bd2 (26. gxh5 $2 Nh4
27. Bg5 Nxg2 28. Qxg2 Bxh3 $19) ({White should try} 26. Bc1) 26... hxg4 (26... Ne5 $6 27. f4 $11) 27. hxg4 Nf4 {
[%emt 0:05:50] Strongly threatening ...d3.} (27... Ne5 $6 28. f4 Bxc4 29. fxe5
$11) 28. Bxa5 Qd8 29. Rfe1 $2 (29. Rf2 $17 {was worth a try.}) 29... Be5 $19 30. Bf1 g6 31. Bd2 $2 (31. Qh2 d3 32.
Rc1) 31... Kg7 $2 ({Worse is} 31... Qh4 32. Bxf4 Bxf4 33. a5
$15 (33. Qg2 Ra8 $15)) (31... d3 32. Bxd3 (32. Qc1 $2 Bd4+ 33. Be3 Qh4 $19)
32... Nxd3) 32. Bxf4 Bxf4 33. e5 $2 {[%emt 0:
00:25] White does not recover from this.} (33. a5 $17 {is a better chance.})
33... Rh8 {[%emt 0:00:00] aiming for ...Qh4.} 34. Re4 {[%emt 0:00:58] [#]} Qh4
$1 35. Bg2 Be3+ 36. Rxe3 dxe3 37. Qe2 Qh2+ ({Not} 37... Bxc4 38. Qxe3 Qh2+ 39. Kf2 Qh4+ 40. Kg1 $11) 38. Kf1 Qf4 39. Rc1 Rd8 40. Rc3 Qg3 {[%emt 0:01:48][%cal Yd8d1] ( -> ...Rd1+!)}
41. Rc2 {[%emt 0:31:12] [#]} Bxc4 $1 42. Rxc4 {[%emt 0:01:53]
[#]} (42. Kg1 Bxe2) 42... Rd1+ $3 {[%emt 0:00:10] Weighted Error Value:
White=0.94/ Black=0.17 (very precise)} 0-1

[Event "44th Chess Olympiad Open 2022"]
[Site "Chennai"]
[Date "2022.08.03"]
[Round "6.6"]
[White "Gelashvili, Tamaz"]
[Black "Warmerdam, Max"]
[Result "1-0"]
[WhiteElo "2549"]
[BlackElo "2610"]
[Annotator "TA"]
[PlyCount "73"]
[EventDate "2022.??.??"]
[TimeControl "60"]

1. Nf3 Nf6 2. e3 g6 3. b4 Bg7 4. Bb2 d6 5. c4 O-O 6. d3 a5 7. b5 e5 8. Nc3 Nbd7 9. Be2 Re8 10. O-O b6 {[%emt 0:08:06] A15: English Opening: 1...Nf6.} 11. Nd2 Bb7 {[%emt 0:08:47] [#]} 12. Bf3 $146 ({Predecessor:} 12.
Ba3 d5 13. Nxd5 Nxd5 14. cxd5 Bxd5 15. Qc2 Nf8 16. Bb2 Ne6 17. a4 Rc8 18. Rfc1
{½-½ (33) Reede,A (1525)-Cabrera Trujillo,C (1479) LSS email 2020}) 12...
Bxf3 {[%emt 0:00:37] The position is equal.} 13. Qxf3 Nc5 14. e4 Nfd7 15. Rad1 Rf8 16. Qe2 Ne6 17. Nd5 Nf6 18. g3 Nxd5 19. cxd5 Nc5 20. f4 Qd7 (20... Na4 $5 21. Ba1 exf4
$11) 21. Nc4 exf4 22. Bxg7 Kxg7 23. d4 Nb7 (23... Na4 $5 24. Qc2 Qxb5 $11) 24. Rxf4 Qxb5 25. Rdf1 {[%emt 0:00:51][%cal Yf4f7] Strongly
threatening Rxf7+! White is more active.} f6 {[%emt 0:01:56] [#]} ({Black
should play} 25... Kg8 $14) 26. Qc2 $1 $16 Rf7 {[%emt 0:05:11]
Black cannot hold the game after this.} (26... Qd7 $16) 27. a4 $18 Qe8 28. e5 $1 dxe5 29.
dxe5 f5 30. e6 {[%emt 0:00:
26] White is clearly winning.} Rf6 31. Ne5 Qe7 32. Nd7 {[%emt 0:02:33] [#] Inhibits Qc5+. Trapped Piece}
Nc5 33. Nxf6 Qxf6 34. g4 Rd8 35. gxf5 {[%emt 0:01:16]
aiming for Qg2.} g5 36. Qg2 h5 {[%emt 0:02:
04] Inhibits Rg4.} 37. Rh4 {[%emt 0:00:00] Weighted Error Value: White=0.03 
(flawless) /Black=0.28 (precise)} 1-0

[Event "44th Chess Olympiad Open 2022"]
[Site "Chennai"]
[Date "2022.08.03"]
[Round "6.7"]
[White "Keymer, Vincent"]
[Black "Moroni, Luca Jr"]
[Result "1/2-1/2"]
[WhiteElo "2686"]
[BlackElo "2584"]
[Annotator "TA"]
[PlyCount "137"]
[EventDate "2022.??.??"]
[TimeControl "60"]

1. d4 Nf6 2. c4 e6 3. Nf3 d5 4. Nc3 c6 5. e3 Nbd7 6. Be2 Bd6 7. O-O O-O 8. a4 {[%emt 0:00:21] D45: Semi-Slav: 5 e3.} a5 9. Qc2 dxc4 10. Bxc4 Qe7 11. h3 e5 12. Ba2 {[%emt 0:01:14] [#]} Kh8 $146 ({Predecessor:} 12...
Bb4 13. dxe5 Nxe5 14. Nd4 c5 15. Ndb5 Be6 16. Bxe6 fxe6 17. e4 Nh5 18. Ne2 g5 {
1-0 (44) Yu,Y (2709)-Carlsen,M (2863) chess24.com INT 2020}) 13. Bd2 h6 14. Nh4 {[%emt 0:04:52] Hoping for Nf5.} Nb6 {
[%emt 0:05:22] [#]} (14... Bb8 $14) 15. Rae1 {[%emt 0:21:01] White is more
active.} (15. Bxf7 $1 $16 {Ng6+ would kill now.} Qxf7 16. dxe5) 15... e4 $11 16. Bb1 $1 Re8 (16... g6 $11)
17. f3 $1 $16 Bg3 {[%emt 0:03:29] [#]} 18. fxe4 $1
{[%emt 0:00:24][%cal Ye4e5] e5! is the strong threat.} Bxh4 19. e5 g6 {[%emt 0:00:25] Threatens to win with ...Nfd5.} 20.
exf6 Bxf6 21. Qb3 Ra6 22. Bd3 Be6 23. d5 Nxd5 24. Bxa6 bxa6 25. Nxd5 (25. Ne4 $5 Be5 26. Qa3 $14 (26. Bxa5
Qh4 $15)) 25... Bxd5 {[%emt 0:00:31] A strong pair of Bishops.} 26. Qd3 (26. Qc2 $5 Kg8 27. Bxa5 $14) 26... Bxb2 27. Bc3+ Bxc3 28. Qxc3+ Kg8 29. e4 Bxe4 30. Qc4 {[%emt 0:01:16] Strongly threatening Rf4.} Kg7 31. Qd4+ Kg8 $1 32. Qc4 {[%emt 0:00:04] And
now Rf4 would win.} Kg7 33. Re2 Qa7+ 34. Kh1 {[%emt 0:00:33] Chess con chili.} Qe7 {[%emt 0:00:27] 
[#]} (34... f5 $11) 35. Qxa6 (35. Rfe1 $1 $16 f5 {[#]} 36. Qxc6 $1) 35... Qc5 36. Qb7 Re7 37. Qb2+ Qe5 38. Qd2 Qd5 39. Qc3+ {[%emt 0:01:10] White has
compensation.} Qe5 40. Qd2 (40. Rc1 $5 ) 40... Qd5 41. Qc3+ Qe5 42. Qb3 (42. Rc1 $5 ) 42... Qe6 43. Qa3 Qe5 44. Rd1 Rb7 45. Rde1 Rb4 46. Qc1 Rxa4 (46... Qe6 {with more
complications.} 47. Qc3+ Kh7 48. Rf2 Rxa4 49. Kg1 f5) 47. Qxc6 $1 Bxc6 48. Rxe5 $11 {[%emt 0:00:04] Endgame KRR-KRB} Rc4 49. R1e2 a4 50. Ra5 Rd4 51. Ra2 h5 52.
Kh2 h4 53. Ra7 Bd7 54. Re2 Bc6 55. Rf2 Bd5 56. Rd7 Kh6 57. Ra2 (57. Rfxf7 $11 Rd2 58. Rf3) 57... f5 ({But not
} 57... Bxa2 58. Rxd4 g5 59. Rxa4 $14) (57... Kg5 $15) 58. Rxd5 Rxd5 $17 59. Rxa4 $11 {[%emt 0:00:00] KR-KR} Kg5 60. Kg1 Rd2 61. Kf1 Rb2 62. Rc4 Kh5 63. Rf4 Rb5 64. Ra4 Kg5 65. Kf2 Kh5 (65... Rb2+ $17 66. Kf3 Rb5)
66. Ra8 (66. Kf1 $1 $11) 66... Rb4 67. Ra5 Kg5 68. Ra6 Rb5 (68... Rf4+ $17 69. Ke3 Rb4) 69. Rc6 {[%emt 0:00:09] Weighted Error Value:
White=0.17 (very precise) /Black=0.14 (very precise)} (69. Ra4 $1 $11) 1/2-1/2